 Dungeon Crawl Stone Soup version 0.21-a0-88-g13b9641 (webtiles) character file.

10414 Ordine the Carver (level 11, -12/56 HPs)
             Began as an Octopode Fighter on June 26, 2017.
             Was an Initiate of Gozag.
             Mangled by a large abomination (38 damage)
             ... on level 1 of the Abyss.
             The game lasted 00:53:32 (14827 turns).

Ordine the Carver (Octopode Fighter)               Turns: 14827, Time: 00:53:33

Health: -12/56     AC:  1    Str: 15 (17) XL:     11   Next: 61%
Magic:  12/12      EV: 17    Int: 16      God:    Gozag
Gold:   636        SH: 11    Dex: 15      Spells: 10/10 levels left

rFire    . . .     SeeInvis .   z - +3 long sword (slice)
rCold    . . .     Gourm    .   b - +1 shield
rNeg     . . .     Faith    .   (helmet restricted)
rPois    .         Spirit   .   (no amulet)
rElec    .         Reflect  .   f - +3 ring of intelligence
rCorr    .         Harm     .   p - +3 ring of intelligence
MR       .....     Clarity  +   w - ring of flight
Stlth    ++........             F - +4 ring of intelligence
HPRegen  0.18/turn              R - +5 ring of strength
MPRegen  0.13/turn              (no ring)
                                (no ring)
                                (no ring)

@: about to teleport
A: almost no armour, stealthy swim, amphibious, 8 rings, constrict 8, camouflage
1, clarity, [deterioration 2], [dopey 2], [frail 3], [screaming 3], [weak 2],
gelatinous body 1
a: Potion Petition, Call Merchant, Bribe Branch, Renounce Religion, Evoke Flight


You were on level 1 of the Abyss.
You worshipped Gozag.
Gozag was pleased with you.
You were hungry.

You visited 2 branches of the dungeon, and saw 12 of its levels.
You visited the Abyss 1 time.
You also visited: Sewer.

You collected 2547 gold pieces.
You spent 201 gold pieces at shops.
You paid 1710 gold pieces to Gozag.

Inventory:

Hand Weapons
 z - a +3 long sword of slicing (weapon)
 K - a +2 long sword of holy wrath
Armour
 b - a +1 shield (worn)
Magical Staves
 O - an uncursed staff of wizardry
Jewellery
 f - a +3 ring of intelligence (left tentacle)
 p - a +3 ring of intelligence (right tentacle)
 w - a ring of flight (on tentacle)
 F - a +4 ring of intelligence (on tentacle)
 N - an uncursed ring of ice
 R - a +5 ring of strength (on tentacle)
Wands
 a - a wand of clouds (3/9)
 y - a wand of iceblast (0/15)
 B - a wand of disintegration (6/24)
 G - a wand of confusion (23/48)
 P - a wand of polymorph (16/24)
Scrolls
 i - a scroll of identify
 n - 2 scrolls of enchant armour
 r - 5 scrolls of remove curse
 v - a scroll of magic mapping
 A - 3 scrolls of teleportation
 C - a scroll of fog
 I - 2 scrolls of amnesia
 J - a scroll of immolation
 M - a scroll of fear
Potions
 c - 2 potions of lignification
 e - 3 potions of resistance
 g - a potion of flight
 j - 2 potions of brilliance
 k - 3 potions of curing {unknown}
 l - 2 potions of agility {unknown}
 m - 2 potions of cancellation {unknown}
 q - 2 potions of invisibility
 t - 7 potions of berserk rage {unknown}
 u - 2 potions of haste {unknown}
 D - 2 potions of heal wounds
 E - 2 potions of might
 H - 2 potions of magic {unknown}
 Q - a potion of ambrosia {unknown}
Books
 x - a Young Poisoner's Handbook

   Spells                             Type                      Level
   a - Sting                          Conjuration/Poison           1
   b - Poisonous Vapours              Poison/Air                   2
   c - Mephitic Cloud                 Conjuration/Poison/Air       3
   d - Olgreb's Toxic Radiance        Poison                       4
   e - Venom Bolt                     Conjuration/Poison           5
Miscellaneous
 L - a lightning rod (4/4)
Comestibles
 d - 3 bread rations
 h - a fruit
 o - 14 royal jellies
 s - 9 meat rations


   Skills:
 + Level 9.2 Fighting
 * Level 12.3 Long Blades
 + Level 8.2 Dodging
 + Level 6.6 Shields
 + Level 2.1 Evocations


You had 10 spell levels left.
You didn't know any spells.

Dungeon Overview and Level Annotations

Branches:
Dungeon (11/15)            Temple (1/1) D:7            Lair (0/6) D:11
    Orc (0/2) D:9

Altars:
Ashenzari
Cheibriados
Dithmenos
Elyvilon
Fedhas
Gozag
Hepliaklqana
Kikubaaqudgha
Makhleb
Nemelex Xobeh
Okawaru
Qazlal
Ru
Sif Muna
Trog
Uskayaw
Vehumet
Wu Jian
Xom
Yredelemnul
Zin
The Shining One

Shops:
D:6 }   D:7 (   D:10 [

Annotations:
D:10 exclusion: orange crystal statue
D:11 Sonja


Innate Abilities, Weirdness & Mutations

You cannot wear most types of armour.
You are very stealthy in the water. (Stealth+)
You are amphibious.
You can wear up to eight rings at the same time.
You can use your tentacles to constrict eight enemies at once.
Your skin changes colour to match your surroundings (Stealth+).
Your rubbery body absorbs attacks. (AC +1, EV +1)
You possess an exceptional clarity of mind.
[Your body often deteriorates upon taking damage.]
[You are very dopey. (Int -4)]
[You are extremely frail. (-30% HP)]
[You frequently scream uncontrollably at your foes.]
[You are very weak. (Str -4)]


Message History

A starcursed mass splits.
Found a scroll of teleportation.
A starcursed mass splits.
The starcursed mass shrieks in your mind.
A large abomination comes into view.
You scream at the large abomination!
You hear a horrible gurgling sound!
You see here a scroll of teleportation.
A - 4 scrolls of teleportation (gained 1)
Found a runed dagger.
As you read the scroll of teleportation, it crumbles to dust.
You feel strangely unstable.
You feel the power of the Abyss delaying your translocation!
You see here a runed dagger.
Found a plate armour.
Found a dented zirconium amulet.
The large abomination hits you!!!
Ouch! That really hurt!
You die...
Your body crumbles into a pile of gold.

# ..# # .. # .. ##
#. .# # .## .. §.#
.. ..# # .#
####.#....≈ ..###
.########.#....#..≈
## ..#
#..#..##.@##..["#
....######....#X#.##
#.##..##..)#....#..#
.#....X.##########.#
#.#...## #..# .#
####. ..# . .## .#
.§.# ## ...#. §§. #
.. #### . ##.. # §.
.. ##


You could see a large abomination.

Vanquished Creatures
  2 two-headed ogres
  A deep elf mage (D:10)
  Pikel (D:4)
  Maurice (D:10)
  An ancient zyme (Abyss:1)
  2 hippogriffs (D:10)
  Sigmund (D:4)
  A shadow (D:11)
  A wraith (D:9)
  2 wyverns
  A basilisk (Abyss:1)
  A hungry ghost (D:8)
  A steam dragon (D:8)
  A soldier ant (D:10)
  Duvessa (D:4)
  Purgy (Sewer)
  2 slaves (D:4)
  7 orc warriors
  4 ice beasts
  3 sky beasts
  2 black bears (D:7)
  2 phantoms
  2 centaurs
  6 ogres
  A small abomination (Abyss:1)
  6 bullfrogs
  4 scorpions
  Dowan (D:4)
  14 wights
  4 howler monkeys
  5 crimson imps
  3 quasits
  A bullfrog zombie (D:10)
  9 hounds
  4 jellies
  3 bullfrog skeletons
  5 orc priests
  2 centaur skeletons
  10 orc wizards
  An iron imp (Abyss:1)
  Terence (D:2)
  2 iguanas
  12 worker ants
  A statue (D:8)
  8 ogre zombies (D:9)
  2 hound skeletons
  A howler monkey zombie (D:7)
  A worker ant zombie (D:6)
  3 gnolls (D:7)
  15 adders
  2 shadow imps
  An ufetubus (Abyss:1)
  5 oozes (D:9)
  2 adder skeletons (D:6)
  3 worms
  2 dart slugs (D:1)
  14 leopard geckos
  57 orcs
  11 bats
  12 giant cockroaches
  4 goblins
  7 hobgoblins
  7 jackals
  7 kobolds
  A quokka (D:5)
  4 ball pythons
  2 frilled lizards (D:1)
  A goblin skeleton (D:9)
  2 goblin zombies (D:9)
  3 hobgoblin zombies (D:9)
  A leopard gecko zombie (D:7)
  2 orc skeletons (D:9)
  17 orc zombies (D:9)
  4 rats
337 creatures vanquished.

Vanquished Creatures (others)
  A wizard (D:3)
  Blork the orc (D:5)
  A hound (D:5)
3 creatures vanquished.

Grand Total: 340 creatures vanquished

Notes
Turn   | Place    | Note
-------+----------+-------------------------------------------
     0 | D:1      | Ordine the Octopode Fighter began the quest for the Orb.
     0 | D:1      | Reached XP level 1. HP: 16/16 MP: 1/1
    83 | D:1      | Reached XP level 2. HP: 16/21 MP: 2/2
   503 | D:1      | Reached XP level 3. HP: 26/26 MP: 3/3
   624 | D:1      | Reached skill level 3 in Long Blades
  1302 | D:2      | Reached XP level 4. HP: 22/33 MP: 4/4
  1421 | D:2      | Noticed Terence
  1430 | D:2      | Killed Terence
  1771 | D:3      | Found a glowing drain.
  1787 | Sewer    | Entered a sewer
  1791 | Sewer    | Reached XP level 5. HP: 36/37 MP: 5/5
  1810 | Sewer    | Noticed Purgy
  1821 | Sewer    | Killed Purgy
  1821 | Sewer    | Reached skill level 4 in Long Blades
  2170 | D:3      | Found a bloodstained altar of Trog.
  2171 | D:3      | Noticed a wizard
  2177 | D:3      | Killed a wizard
  2505 | D:3      | Reached XP level 6. HP: 42/44 MP: 6/6
  2689 | D:4      | Noticed Duvessa
  2689 | D:4      | Noticed Dowan
  2941 | D:4      | Killed Dowan
  2941 | D:4      | Reached skill level 5 in Long Blades
  3244 | D:4      | Killed Duvessa
  3244 | D:4      | Reached skill level 5 in Fighting
  3420 | D:4      | Reached XP level 7. HP: 47/50 MP: 7/7
  3545 | D:4      | Reached skill level 6 in Long Blades
  3906 | D:4      | Noticed Sigmund
  4000 | D:5      | Entered Level 5 of the Dungeon
  4191 | D:5      | Noticed a wyvern
  4198 | D:5      | Found an opulent altar of Gozag.
  4200 | D:5      | Became a worshipper of Gozag Ym Sagoz the Greedy
  4250 | D:5      | Gained mutation: One of your tentacles bears a spike. [potion of mutation]
  4250 | D:5      | Gained mutation: One of your tentacles bears a nasty spike. [potion of mutation]
  4250 | D:5      | Gained mutation: You have a pair of small antennae on your head. [potion of mutation]
  4253 | D:5      | Killed a wyvern
  4253 | D:5      | Reached skill level 7 in Long Blades
  4271 | D:5      | HP: 2/51 [hound (6)]
  4272 | D:5      | Reached XP level 8. HP: 1/57 MP: 8/8
  4811 | D:5      | Noticed Pikel
  4896 | D:4      | Killed Pikel
  4896 | D:4      | Reached skill level 8 in Long Blades
  5375 | D:5      | Killed Blork the orc
  5699 | D:6      | Reached skill level 5 in Dodging
  6041 | D:5      | Reached XP level 9. HP: 45/63 MP: 9/9
  6459 | D:6      | Reached skill level 9 in Long Blades
  6466 | D:6      | Found Howoill's Gadget Boutique.
  7495 | D:4      | Killed Sigmund
  8173 | D:7      | Found a staircase to the Ecumenical Temple.
  8635 | D:7      | Reached skill level 10 in Long Blades
  8779 | D:7      | Reached XP level 10. HP: 71/71 MP: 10/10
  9257 | Temple   | Entered the Ecumenical Temple
  9661 | D:7      | Bought a runed long sword for 201 gold pieces
  9671 | D:8      | Noticed a two-headed ogre
  9696 | D:7      | Killed a two-headed ogre
  9696 | D:7      | Reached skill level 5 in Shields
 10462 | D:8      | Found a radiant altar of Vehumet.
 10645 | D:8      | Reached skill level 11 in Long Blades
 11688 | D:9      | Found a staircase to the Orcish Mines.
 12078 | D:9      | Reached XP level 11. HP: 61/78 MP: 11/11
 12182 | D:9      | Noticed a two-headed ogre
 12191 | D:9      | Found a shimmering altar of Xom.
 12198 | D:9      | Killed a two-headed ogre
 12547 | D:10     | Entered Level 10 of the Dungeon
 12583 | D:10     | Noticed Maurice
 12588 | D:10     | Killed Maurice
 12670 | D:10     | Noticed an orange crystal statue
 12879 | D:10     | Reached skill level 1 in Evocations
 13096 | D:10     | Reached skill level 12 in Long Blades
 13175 | D:10     | Noticed a deep elf mage
 13209 | D:10     | Killed a deep elf mage
 13445 | D:11     | Noticed Sonja
 13609 | D:11     | Found a basalt altar of Yredelemnul.
 13747 | D:11     | Found a staircase to the Lair.
 13796 | D:11     | Cast into level 1 of the Abyss (Sonja)
 13860 | Abyss:1  | Noticed a large abomination
 13895 | Abyss:1  | Noticed a tentacled starspawn
 13917 | Abyss:1  | Noticed a sixfirhy
 13928 | Abyss:1  | Noticed a daeva
 14015 | Abyss:1  | Noticed a wretched star
 14045 | Abyss:1  | Noticed a tentacled starspawn
 14064 | Abyss:1  | Noticed a deep elf elementalist
 14076 | Abyss:1  | Noticed a great orb of eyes
 14101 | Abyss:1  | Noticed a bone dragon
 14102 | Abyss:1  | Found a corrupted altar of Lugonu.
 14107 | Abyss:1  | Noticed a profane servitor
 14165 | Abyss:1  | Noticed a mana viper
 14165 | Abyss:1  | Noticed a starcursed mass
 14170 | Abyss:1  | Noticed a worldbinder
 14172 | Abyss:1  | Noticed a wretched star
 14173 | Abyss:1  | Noticed a glowing orange brain
 14173 | Abyss:1  | Noticed a shadow demon
 14178 | Abyss:1  | Noticed a starcursed mass
 14345 | Abyss:1  | Noticed a green death
 14356 | Abyss:1  | Lost mutation: One of your tentacles bears a nasty spike. [potion of mutation]
 14356 | Abyss:1  | Lost mutation: One of your tentacles bears a spike. [potion of mutation]
 14356 | Abyss:1  | Lost mutation: You have a pair of small antennae on your head. [potion of mutation]
 14356 | Abyss:1  | Gained mutation: Scrolls take you a little longer to read. [potion of mutation]
 14356 | Abyss:1  | Gained mutation: You are robust. (+10% HP) [potion of mutation]
 14357 | Abyss:1  | Lost mutation: Scrolls take you a little longer to read. [potion of mutation]
 14357 | Abyss:1  | Lost mutation: You are robust. (+10% HP) [potion of mutation]
 14357 | Abyss:1  | Gained mutation: You are resistant to hostile enchantments. (MR+) [potion of mutation]
 14357 | Abyss:1  | Lost mutation: You are resistant to hostile enchantments. (MR+) [potion of mutation]
 14357 | Abyss:1  | Gained mutation: You possess an exceptional clarity of mind. [potion of mutation]
 14425 | Abyss:1  | Noticed a spatial maelstrom
 14547 | Abyss:1  | Noticed a ghoul
 14548 | Abyss:1  | Noticed a death knight
 14802 | Abyss:1  | Noticed a starcursed mass
 14827 | Abyss:1  | Mangled by a large abomination

Vault maps used:
D:1:      tarquinn_simple_flora_water_c
D:2:      minmay_parallelograms, uniq_terence
D:3:      gup_sewer_entry_pipe, minivault_27, trog_wizard
D:4:      first_bread, uniq_duvessa, uniq_sigmund
D:5:      basic_altar, uniq_blork_the_orc, uniq_pikel
D:6:      serial_shops, shop
D:7:      temple_doors_e, minmay_misc_feat_plants, lightli_orcish_oven
D:8:      vehumet_statue
D:9:      zombieorc2_lemuel, basic_altar, hangedman_little_slice_of_home
D:10:     minmay_statue_bubble, uniq_maurice
D:11:     lair_entry_dummy, yredelemnul_altar_generic, uniq_sonja
Temple:   regret_index_temple_sigil_plot
Sewer:    sewer_big_baddie

Skill      XL: |  1  2  3  4  5  6  7  8  9 10 11 |
---------------+----------------------------------+-----
Long Blades    | 3 4 5 7 8 10 11 12 | 12.3
Fighting       | 4 5 6 7 8 9 |  9.2
Dodging        | 5 6 7 8 |  8.2
Shields        | 4 5 6 |  6.6
Evocations     | 2 |  2.1

Action                   |  1- 3 |  4- 6 |  7- 9 | 10-12 || total
-------------------------+-------+-------+-------+-------++-------
Melee: Long sword        |    57 |    80 |   223 |   377 ||   737
       Constrict         |    21 |    22 |    61 |    75 ||   179
       Tentacles         |    14 |    17 |    69 |    91 ||   191
       Kick              |       |       |    94 |   151 ||   245
       Falchion          |       |       |    25 |    24 ||    49
Invok: Call Merchant     |       |       |       |     2 ||     2
Evoke: Wand              |       |       |     1 |     2 ||     3
  Use: Scroll            |     8 |     2 |     2 |    17 ||    29
       Potion            |       |     3 |     2 |     2 ||     7
 Stab: Sleeping          |     7 |     3 |     7 |    12 ||    29
       Distracted        |       |       |     1 |     3 ||     4
       Confused          |       |       |       |     4 ||     4
  Eat: Chunk             |     1 |     6 |     1 |       ||     8
       Fruit             |       |     1 |       |     1 ||     2
       Bread ration      |       |       |     4 |     3 ||     7
       Royal jelly       |       |       |       |     2 ||     2
Armor: Skin              |     1 |     7 |     6 |     6 ||    20
Dodge: Dodged            |    14 |    40 |   101 |   134 ||   289
Block: Shield            |    21 |    25 |    26 |   158 ||   230
       Buckler           |       |     6 |    27 |       ||    33
       Rpst.: Long sword |     3 |    10 |    22 |    21 ||    56
       Falchion          |       |       |     6 |     1 ||     7
